 Dungeon Crawl Stone Soup version 0.20-a0-1126-g0f15420 (webtiles) character file.

77 wolfsongas the Chopper (level 4, -3/36 HPs)
             Began as a Demonspawn Fighter on May 17, 2017.
             Slain by Crazy Yiuf
             ... wielding a +4 quarterstaff of chaos
              (11 damage)
             ... on level 2 of the Dungeon.
             The game lasted 00:03:25 (1988 turns).

wolfsongas the Chopper (Demonspawn Fighter)         Turns: 1988, Time: 00:03:26

Health: -3/36      AC:  7    Str: 17    XL:     4   Next: 14%
Magic:  0/4        EV:  9    Int: 10    God:
Gold:   103        SH:  0    Dex: 12    Spells: 3/3 levels left

rFire    . . .     SeeInvis .   a - +1 war axe
rCold    . . .     Gourm    .   (no shield)
rNeg     . . .     Faith    .   b - +0 scale mail
rPois    .         Spirit   +   (no helmet)
rElec    .         Reflect  .   (no cloak)
rCorr    .         Harm     .   (no gloves)
MR       .....                  (no boots)
Stlth    ..........             (no amulet)
Regen    0.2/turn               (no ring)
MPRegen  0.2/turn               (no ring)

@: no status effects
A: rugged brown scales 1, magic shield, magic regeneration
a: no special abilities


You were on level 2 of the Dungeon.
You were completely stuffed.

You visited 1 branch of the dungeon, and saw 2 of its levels.

You collected 103 gold pieces.

Inventory:

Hand Weapons
 a - a +1 war axe (weapon)
Armour
 b - a +0 scale mail (worn)
 c - a +0 shield
Potions
 d - a potion of might
Comestibles
 h - 6 fruits


   Skills:
 - Level 3.0 Fighting
 * Level 4.0 Axes
 - Level 2.6 Armour
 - Level 2.6 Shields


You had 3 spell levels left.
You didn't know any spells.

Dungeon Overview and Level Annotations

Branches:
Dungeon (2/15)

Altars:

Annotations:
D:2 Crazy Yiuf


Innate Abilities, Weirdness & Mutations

You are partially covered in rugged brown scales. (AC +1, +3% HP)
When hurt, damage is shared between your health and your magic reserves.
You regenerate magic rapidly.


Message History

You see here a club.
HP restored.
Found a runed door.
You open the door.
Crazy Yiuf the Enlightened comes into view.
He is wielding a quarterstaff of chaos.
Crazy Yiuf shouts!
Found a mace.
There is an open door here.
You completely miss Crazy Yiuf.
Crazy Yiuf hits you with a quarterstaff of chaos.
Crazy Yiuf burns you.
You hit Crazy Yiuf.
Crazy Yiuf is moderately wounded.
Crazy Yiuf hits you with a quarterstaff of chaos!
Space warps horribly around you!
* * * LOW HITPOINT WARNING * * *
You slash Crazy Yiuf!
Crazy Yiuf is severely wounded.
Crazy Yiuf hits you with a quarterstaff of chaos!
You die...

##.###.######.# #.#
#.............# #.#
#.############# #.#
######## ### #.#
.......# #.# ######.#
♣♣♣♣♣### #.# #.# ####
♣♣♣.♣....###.# #†#
#...#♣..♣......##.#
#.####
#..g@.♣♣♣♣........#
#....# #)..#♣♣
♣♣....#### ###### ####
♣♣#### #### ### ######
...# #.# #.##.#
##.###########.###.##.#
...................##.#


You could see Crazy Yiuf.

Vanquished Creatures
  3 adders
  2 dart slugs
  2 leopard geckos (D:2)
  2 giant cockroaches
  10 goblins
  7 hobgoblins
  A ball python (D:1)
  6 bats
  2 frilled lizards (D:2)
  3 kobolds
  4 rats
42 creatures vanquished.

Notes
Turn   | Place    | Note
-------+----------+-------------------------------------------
     0 | D:1      | wolfsongas the Demonspawn Fighter began the quest for the Orb.
     0 | D:1      | Reached XP level 1. HP: 18/18 MP: 1/1
    49 | D:1      | Reached skill level 2 in Axes
   240 | D:1      | Gained mutation: When hurt, damage is shared between your health and your magic reserves. [demonic ancestry]
   240 | D:1      | Reached XP level 2. HP: 23/24 MP: 2/2
   689 | D:1      | Reached skill level 3 in Axes
   934 | D:1      | Gained mutation: You are partially covered in rugged brown scales. (AC +1, +3% HP) [demonic ancestry]
   934 | D:1      | Reached XP level 3. HP: 19/29 MP: 3/3
  1648 | D:2      | Reached skill level 4 in Axes
  1648 | D:2      | Gained mutation: You regenerate magic rapidly. [demonic ancestry]
  1648 | D:2      | Reached XP level 4. HP: 30/36 MP: 2/4
  1980 | D:2      | Found a runed door.
  1984 | D:2      | Noticed Crazy Yiuf
  1988 | D:2      | Slain by Crazy Yiuf

Vault maps used:
D:1:      doesnt_arrival_eight_statues, serial_forest,
          infiniplex_forest_lined_2, infiniplex_forest_fountain,
          infiniplex_forest_lined_1, infiniplex_forest_lined_2,
          infiniplex_forest_end_2, infiniplex_forest_straight_2,
          infiniplex_forest_straight_2, infiniplex_forest_lined_ring,
          minmay_misc_feat_nine_boxes, minmay_misc_feat_diagonals
D:2:      uniq_crazy_yiuf_cottage

Skill      XL: |  1  2  3 |
---------------+----------+-----
Axes           | 2 3 4 |  4.0
Fighting       | |  3.0
Armour         | |  2.6
Shields        | |  2.6

Action                   |  1- 3 |  4- 6 || total
-------------------------+-------+-------++-------
Melee: War axe           |    88 |    11 ||    99
  Use: Scroll            |     5 |       ||     5
       Potion            |       |     1 ||     1
  Eat: Chunk             |     2 |       ||     2
       Meat ration       |       |     1 ||     1
       Bread ration      |       |     1 ||     1
Armor: Scale mail        |    42 |     2 ||    44
Dodge: Dodged            |    55 |     2 ||    57
